Fleur, neutral female sylph Wizard ----------------------- --------------------------- ----------------- |.|.........|.........| |.........|.....|...|.....| |.......|.......| |.|.---...|.|.-----.-.|---|.|.|...|%|.|.|.|.|.|.---.--- |.-----.|.---.--| |.|.|.| |.|.|.......|...|.|.|...|...|.|...|.|.|.|...| |.......|...|...| |.|.|.--- |.|.|.-----.|...---.|--.-----.----|.|.|.|.|.| -----.|.---------.| |.|.|...| |.....|.............| |...........|.......|.| |.....|.|.|.....|.| |.|.|.--| ---.--|.-.......-.-------)-.---------------.--- |.-----.|.|.....-.| |...|...| |..................I....................| |...|...|.|.....|.| |%---.|.| |.-----.......--------|...).....|--.---.--|.|.|.--|.-------.| |.|...|.| |....... |...|..%%<....-...|.....|.|.|...|.........| |.|.|.|.| |...-.- |.--|.........|.-------.---.|--.|.---.---.| |...|...| ..... |.|.|.........|.|.| |.%.....|...|...|...|.| -------.| ... |.|.-----------.|.--|...---.|--.-------.|.| |.| |.|.....|.......|...|.....|.| |.....| |.|.| --- |.|.---.---.-----.-[|.[.---.| -----.---.|-- |.|...|.....|...............| |.......| |.---.|--.-.|.-...{.--------| --------- |.....| |...|...............| ------- --------------------- Fleur the Magician Experience level: 10 Strength: 8 Dexterity: 11 Constitution: 12 Intelligence: 17 Wisdom: 20 Charisma: 9 Health: 0(72) Energy: 123(163) Def: 1 Gold: 358 Moves: 5136 Dungeon seed: QtcNEogwiDdeTGsa Game ID: Fleur_1472826303 Your Inventory: Coins $ - 358 gold pieces Weapons t - the rustproof +0 Magicbane (weapon in hand) u - a +0 elven dagger (in quiver) Armor e - an uncursed +0 cloak of magic resistance (being worn) g - an uncursed +0 cornuthaum n - an uncursed +0 pair of elven boots M - an uncursed +0 mummy wrapping Scrolls v - a cursed scroll of destroy armor A - an uncursed scroll of charging Rings x - a cursed ring of teleportation Wands f - a wand of make invisible (0:3) p - a cursed wand of slow monster (0:1) L - a cursed wand of teleportation (0:7) O - a wand of digging (0:0) U - a cursed wand of cold (0:1) Tools o - an uncursed skeleton key q - an uncursed towel z - an uncursed sack B - a +0 pick-axe E - an uncursed sack K - an uncursed oilskin sack Gems r - an uncursed emerald y - an uncursed chrysoberyl stone N - an uncursed worthless piece of blue glass Y - 2 uncursed diamonds Spells and supernatural/magical abilities: Name Level Category Fail Memory a - force bolt 1 attack 0% 75% m - magic missile 2 attack 0% 86% O - create monster 2 clerical 0% 75% W - pray for help -- divine ? -- Your skills at the end: Miscellaneous Skills wands [Basic] Weapon Skills dagger [Basic] quarterstaff [Basic] Spellcasting Skills attack spells [Basic] enchantment spells [Basic] clerical spells [Basic] Final Attributes: You were fervently aligned. You were poison resistant. You were magic-protected. You saw invisible. You were telepathic. You had infravision. You were displaced. You were stealthy. You were protected from shape changers. You were unlucky. Thoth was angry with you. You are dead. Vanquished creatures: 4 Olog-hai a vampire lord a vampire a ghost a large mimic an ettin mummy a flaming sphere a gargoyle a dwarf king a tengu a gelatinous cube a chameleon 2 crocodiles a wraith a quivering blob 2 lizards a giant spider a gnome king an orc mummy a jaguar 3 dwarf lords a water nymph a dust vortex a raven a gnome mummy a Woodland-elf a baby crocodile a fog cloud a shrieker 5 gnome lords 3 kobold mummies a gray ooze an elf zombie 5 floating eyes a kitten 15 dwarves a rothe a giant bat 2 dwarf zombies a werejackal 2 hobbits a large kobold 4 geckos 2 hobgoblins 4 giant rats 3 cave spiders a brown mold a yellow mold a red mold 36 gnomes 3 garter snakes a gnome zombie a jackal a fox a kobold 5 newts a goblin 4 sewer rats 7 grid bugs 4 lichens 3 kobold zombies 158 creatures vanquished. Voluntary challenges: You did not adorn yourself with jewelry or accessories. You used a wielded weapon 116 times, starting on turn 2. You did not apply a unicorn horn. You read items or engraved 16 times, starting on turn 1741. You never genocided any monsters. You never polymorphed an object. You never changed form. You used no wishes. You never split a pudding. You wrote Elbereth's name 13 times, starting on turn 1741. You violated your moral code, losing 2 points of alignment, starting on turn 1454. Dungeon overview: The Dungeons of Doom: levels 1 to 4 Level 1 an altar to Anhur, a sink a long staircase Level 2 a scroll shop, some fountains Level 3 an altar to Thoth, some fountains stairs to The Gnomish Mines Level 4 The Gnomish Mines: levels 4 to 12 Level 4 stairs to The Dungeons of Doom Level 5 Level 6 Level 7 many shops, a temple to Anhur, a magic chest, some fountains, some trees Level 8 Level 9 Level 10 Level 11 Level 12 <- You were here a fountain History has recorded: On T:1 you entered the Dungeons of Doom to retrieve the Amulet of Yendor! On T:147 you reached level 2 of The Dungeons of Doom. On T:442 you reached level 3 of The Dungeons of Doom. On T:676 you reached level 4 of The Dungeons of Doom. On T:713 you reached level 1 of The Gnomish Mines. On T:726 you advanced to experience level 2. On T:738 you advanced to experience level 3. On T:848 you advanced to experience level 4. On T:974 you received Magicbane from Thoth. On T:1494 you advanced to experience level 5. On T:1587 you reached level 2 of The Gnomish Mines. On T:1971 you reached level 3 of The Gnomish Mines. On T:2017 you advanced to experience level 6. On T:2156 you reached level 4 of The Gnomish Mines. On T:2287 you entered the Minetown temple On T:2294 you opened a magic chest. On T:2304 you opened a magic chest. On T:2409 you reached level 5 of The Gnomish Mines. On T:2811 you opened a magic chest. On T:3014 you advanced to experience level 7. On T:3177 you reached level 6 of The Gnomish Mines. On T:3427 you reached level 7 of The Gnomish Mines. On T:3600 you reached level 8 of The Gnomish Mines. On T:3835 you reached level 9 of The Gnomish Mines. On T:3835 you reached the bottom of the Mines. On T:3864 you advanced to experience level 8. On T:4682 you advanced to experience level 9. On T:5023 you advanced to experience level 10. Score breakdown: Gold: 358 ( 35 points) Experience: 10 levels ( 900 points) Exploration: 12 levels ( 330 points) Discoveries: 15 items ( 750 points) Variety of kills: 61 monsters ( 2000 points) Major goal: reached Mine's End ( 1000 points) Survival: died (score multiplied by 3) Total score: 15045 Latest messages: You engrave in the floor with an uncursed athame named Magicbane (weapon in hand). The winter wolf cub turns to flee! You try to draw healing from your surroundings, but you are too weak. You kill the floating eye! u - a runed dagger (in quiver). A - a scroll labeled JUYED AWK YACC. You try to draw healing from your surroundings, but you are too weak. (3x) You try to draw healing from your surroundings, but you are too weak. You faint from lack of food. You try to draw healing from your surroundings, but you are too weak. (2x) Something bites! Something bumps right into you! Something bites! You try to draw healing from your surroundings, but you are too weak. Something bites! You die... The sack is empty. (2x) The oilskin sack is empty. Final status: Goodbye Fleur the Wizard, killed by a winter wolf cub, while fainted from lack of food... You died in The Gnomish Mines on dungeon level 12 with 15045 points, and 358 pieces of gold, after 5136 moves. You were level 10 with a maximum of 72 hit points when you died.